 Dungeon Crawl Stone Soup version 0.28-a0-796-gd4f0d3f9b2 (webtiles) character file.

Game seed: 744204795048532374

35196 lfrw the Unseen (level 13, -2/65 HPs)
             Began as a Spriggan Enchanter on Nov 6, 2021.
             Was a High Priest of Dithmenos.
             Slain by a death yak (23 damage)
             ... on level 2 of the Lair of Beasts.
             The game lasted 00:45:44 (20265 turns).

lfrw the Unseen (Spriggan Enchanter)               Turns: 20265, Time: 00:45:44

Health: -2/65      AC: 11    Str:  6    XL:     13   Next: 46%
Magic:  25/31      EV: 26    Int: 18    God:    Dithmenos [*****.]
Gold:   1058       SH:  0    Dex: 21    Spells: 31/39 levels left

rFire   . . .      SeeInvis +   s - +5 dagger of Xingisepn {vorpal, Will+}
rCold   . . .      Faith    .   (shield restricted)
rNeg    . . .      Spirit   .   b - +2 robe
rPois   .          Reflect  .   (helmet restricted)
rElec   .          Harm     .   P - +2 cloak {Stlth+}
rCorr   .          Rampage  .   (gloves unavailable)
Will    +++..                   (boots unavailable) Stlth **++++++++
                                E - amulet of regeneration
HPRegen 1.20/turn               j - +4 ring of protection
MPRegen 0.22/turn               g - +6 ring of dexterity

@: wreathed by umbra, unable to read, very quick
A: very small, no large weapons, unfitting armour, see invisible, speed 3, weak
1, inability to read while threatened
a: Renounce Religion, Shadow Step, Shadow Form


You were on level 2 of the Lair of Beasts.
You worshipped Dithmenos.
Dithmenos was extremely pleased with you.
You visited 3 branches of the dungeon, and saw 17 of its levels.
You also visited: Gauntlet.

You collected 1058 gold pieces.

Inventory:

Hand Weapons
 a - a +1 dagger of electrocution
 p - a +3 dagger of freezing
 s - the +5 dagger of Xingisepn (weapon) {vorpal, Will+}
   (You found it on level 4 of the Dungeon)

   It inflicts extra damage upon your enemies.
   Will:      It increases your willpower.
 M - the +9 sword of Zonguldrok {reap}
   (You took it off a minotaur in a Gauntlet)

   Any living foe damaged by it may be reanimated upon death as a zombie
   friendly to the wielder, with an increasing chance as more damage is dealt.
Missiles
 B - 107 poisoned darts (quivered)
Armour
 b - a +2 robe (worn)
 r - a +2 cloak
 u - a scarf of resistance
 L - a +2 cloak of willpower
 P - a +2 cloak of stealth (worn)
Jewellery
 g - a +6 ring of dexterity (right hand)
 j - a +4 ring of protection (left hand)
 w - a +6 ring of intelligence
 x - a ring of wizardry
 y - a ring of fire
 A - a ring of flight
 E - an amulet of regeneration (around neck)
 H - a ring of resist corrosion
 K - a +4 ring of protection
Wands
 k - a wand of flame (26)
 l - a wand of iceblast (22)
 t - a wand of polymorph (19)
 D - a wand of charming (8)
 Q - a wand of acid (7)
 S - a wand of digging (3)
Scrolls
 c - a scroll of enchant armour
 e - a scroll of teleportation
 i - 3 scrolls of identify
 q - 9 scrolls of amnesia
 v - 3 scrolls of blinking
 G - 2 scrolls of fog
 J - a scroll of enchant weapon
 T - a scroll of immolation
Potions
 d - 6 potions of curing
 f - 2 potions of attraction
 h - 3 potions of flight
 m - 2 potions of berserk rage
 n - 4 potions of cancellation
 o - 3 potions of haste
 z - a potion of heal wounds
 C - 3 potions of lignification
 F - 2 potions of brilliance
 I - a potion of might
 R - a potion of invisibility
Miscellaneous
 N - a phantom mirror
 O - a phial of floods


   Skills:
 + Level 6.3 Fighting
 + Level 8.4 Short Blades
 + Level 10.3 Dodging
 + Level 17.0 Stealth
 + Level 13.8 Spellcasting
 + Level 14.1 Hexes


You had 31 spell levels left.
You knew the following spells:

 Your Spells              Type           Power      Damage    Failure   Level
a - Ensorcelled Hibernat  Hex/Ice        74%        N/A       1%          2
b - Tukima's Dance        Hex            59%        N/A       1%          3
c - Dazzling Flash        Conj/Hex       74%        N/A       1%          3

Your spell library contained the following spells:

 Spells                   Type           Power      Damage    Failure   Level
 Confusing Touch          Hex            59%        N/A       1%          3
 Inner Flame              Hex/Fire       37%        N/A       1%          3
 Summon Guardian Golem    Hex/Summ       37%        N/A       1%          3
 Foxfire                  Conj/Fire      48%        2x1d6     5%          1
 Sting                    Tmut/Pois      48%        1d5       5%          1
 Summon Small Mammal      Summ           48%        N/A       5%          1
 Poisonous Vapours        Pois/Air       24%        N/A       9%          2
 Call Canine Familiar     Summ           12%        N/A       16%         3
 Conjure Flame            Conj/Fire      12%        6-21      16%         3
 Gell's Gravitas          Tloc           12%        N/A       16%         3
 Lesser Beckoning         Tloc           12%        N/A       16%         3
 Ozocubu's Armour         Ice            12%        N/A       16%         3
 Stone Arrow              Conj/Erth      24%        3d8       16%         3
 Teleport Other           Tloc           12%        N/A       16%         3
 Animate Armour           Summ/Erth      24%        N/A       47%         4
 Animate Dead             Necr           6%         N/A       47%         4
 Flame Wave               Conj/Fire      12%        3d4       47%         4
 Olgreb's Toxic Radiance  Pois           12%        N/A       47%         4
 Alistair's Intoxication  Tmut/Pois      8%         N/A       83%         5
 Borgnjor's Vile Clutch   Necr/Erth      6%         N/A       83%         5
 Eringya's Noxious Bog    Tmut/Pois      6%         N/A       100%        6
 Haunt                    Necr/Summ      6%         N/A       100%        7
 Orb of Destruction       Conj           6%         9d3       100%        7
 Ozocubu's Refrigeration  Ice            6%         4d6       100%        7
 Spellforged Servitor     Conj/Summ      6%         N/A       100%        7
 Infestation              Necr           6%         N/A       100%        8
 Lehudib's Crystal Spear  Conj/Erth      6%         10d3      100%        8


Dungeon Overview and Level Annotations

Branches:
Dungeon (14/15)            Temple (1/1) D:5            Lair (2/6) D:9
    Orc (0/2) D:11         Vaults (0/5) D:14        Gauntlet (visited)
  Swamp: Lair:2-4    Shoals: Lair:2-4     Snake: Lair:2-4    Spider: Lair:2-4

Altars:
Ashenzari
Cheibriados
Dithmenos
Elyvilon
Fedhas
Gozag
Hepliaklqana
Kikubaaqudgha
Makhleb
Nemelex Xobeh
Okawaru
Qazlal
Ru
Sif Muna
Trog
Uskayaw
Vehumet
Wu Jian
Zin
The Shining One

Annotations:
D:3 1 runed translucent door, IndexError's ghost, amateur DDNe
D:10 1 runed translucent door, Fannar; Froggeryz's ghost, journeyman GrMo
Lair:1 Grum


Innate Abilities, Weirdness & Mutations

You are very small and have problems with some larger weapons.
You are too small for most types of armour.
You have supernaturally acute eyesight. (SInv)
You cover ground extremely quickly. (Speed+++)
You are weak. (Str -2)
You sometimes lose the ability to read scrolls when taking damage.


Message History

Magic restored.
Found a potion of degeneration.
Okay, then.
Unknown command.
Found a stone staircase leading down.
S - a wand of digging (3)
Found a potion of degeneration.
Found a club.
Found a whip.
You see here a +0 club.
You see here a +0 club.
i - 3 scrolls of identify (gained 1)
Found a scroll of immolation.
You see here a scroll of immolation.
T - a scroll of immolation A death yak is nearby!
You see here 19 sling bullets.
The death yak bellows!
You hit the death yak but do no damage. The death yak completely misses you.
Casting: Dazzling Flash (safe; 1% risk of failure)
Confirm with . or Enter, or press ? or * to list all spells.
Casting: Dazzling Flash (safe; 1% risk of failure)
Press: ? - help, Dir - look around, f - activate The death yak is dazzled.
The death yak completely misses you.
Unknown command.
Unknown command.
Casting: Dazzling Flash (safe; 1% risk of failure)
Confirm with . or Enter, or press ? or * to list all spells.
Casting: Dazzling Flash (safe; 1% risk of failure)
Press: ? - help, Dir - look around, f - activate The death yak gores you!!
Unknown command.
Unknown command.
Unknown command.
You barely miss the death yak.
Your shadow hits the death yak but does no damage.
The death yak gores you!!
You feel threatened and lose the ability to read scrolls!
The death yak gores you!!
You die...

...####.##.###P............#....#
...# ###.## ##............######
...# ### #............### ...#
#########............P#### ...#
#.....######.............##
..P####.......# #.............P#
....##......######......<.......#
..#####......##..#....?.........#
.##............Y@(.....##P#.<...#
#..............Y.......####....##
###.....................# #.).†.#
###....................####.÷..##
............##........## #.....#
...........#####.......# #.....##
...........# #.......#.##......#
............# ##......#####.....#
...........## #....##


You could see 2 death yaks.

Vanquished Creatures
  A minotaur (Gauntlet)
  A hydra (D:12)
  Erolcha (D:11)
  2 boulder beetles
  A catoblepas (D:13)
  5 centaur warriors
  5 two-headed ogres
  A death yak (Lair:2)
  Pikel (D:8)
  A necromancer (D:14)
  A phantasmal warrior (D:10)
  A harpy (shapeshifter) (D:12)
  10 ugly things
  4 cyclopes
  A moth of wrath (shapeshifter) (Gauntlet)
  A black mamba (Lair:2)
  2 gargoyles
  Joseph (D:7)
  3 cane toads
  A rime drake (Lair:2)
  2 komodo dragons
  5 kobold demonologists
  A red devil (Gauntlet)
  6 trolls
  A hornet (D:8)
  Grinder (D:4)
  Prince Ribbit (D:8)
  4 slime creatures (D:13)
  A polar bear (Lair:1)
  3 wraiths
  12 yaks
  A wyvern (D:9)
  5 basilisks
  9 vampire mosquitoes
  An acid dragon (D:11)
  4 water moccasins
  2 orc warriors
  3 sky beasts
  2 ogres
  4 black bears
  12 centaurs
  8 wolves
  A lemure (D:8)
  6 bullfrogs
  6 kobold brigands
  3 scorpions
  A gnoll sergeant (D:6)
  A wyvern zombie (D:5)
  A water moccasin zombie (D:7)
  A water moccasin skeleton (D:4)
  8 killer bees
  2 wights
  2 howler monkeys
  A crimson imp (Gauntlet)
  3 centaur zombies
  3 jellies
  A hound (D:5)
  A centaur skeleton (D:7)
  A gnoll shaman (D:5)
  An orc priest (D:10)
  A bullfrog skeleton (D:6)
  2 iguanas
  11 orc wizards
  A killer bee zombie (D:9)
  3 howler monkey zombies
  7 gnolls
  7 adders
  A shadow imp (D:7)
  2 white imps (D:7)
  An ufetubus (D:3)
  A worm (D:3)
  A dart slug (D:2)
  19 orcs
  5 ball pythons
  3 bats
  10 endoplasms
  2 giant cockroaches (D:3)
  7 goblins
  6 hobgoblins
  5 quokkas
  2 frilled lizards
  14 kobolds
  4 rats
290 creatures vanquished.

Vanquished Creatures (collateral kills)
  7 wights
  An orc wizard (D:9)
  4 gnolls
  3 orcs
15 creatures vanquished.

Vanquished Creatures (others)
  12 dancing weapons
  49 fungi
  51 plants
112 creatures vanquished.

Grand Total: 417 creatures vanquished

Notes
Turn   | Place    | Note
-------+----------+-------------------------------------------
     0 | D:1      | lfrw the Spriggan Enchanter began the quest for the Orb.
     0 | D:1      | Reached XP level 1. HP: 9/9 MP: 5/5
   405 | D:2      | Reached XP level 2. HP: 13/13 MP: 7/7
   408 | D:2      | Learned a level 2 spell: Ensorcelled Hibernation
  1144 | D:1      | Reached XP level 3. HP: 16/16 MP: 9/9
  1148 | D:1      | Learned a level 3 spell: Tukima's Dance
  1152 | D:1      | Learned a level 3 spell: Dazzling Flash
  1241 | D:1      | You fall into a shaft and drop 1 floor!
  2489 | D:3      | Found a faded altar of an unknown god.
  2856 | D:3      | Reached XP level 4. HP: 21/21 MP: 11/11
  2889 | D:3      | Found a runed translucent door.
  2890 | D:3      | Noticed IndexError's ghost (amateur DDNe)
  3001 | D:3      | Reached skill level 5 in Hexes
  3006 | D:3      | Noticed an ogre
  3075 | D:3      | Killed an ogre
  3076 | D:3      | Reached skill level 5 in Spellcasting
  3076 | D:3      | Reached XP level 5. HP: 24/24 MP: 1/13
  3589 | D:4      | Identified the +5 dagger of Xingisepn {vorpal, Will+}
  3602 | D:4      | Noticed Grinder
  3618 | D:4      | Killed Grinder
  3619 | D:4      | Reached skill level 5 in Stealth
  3619 | D:4      | Reached XP level 6. HP: 23/28 MP: 2/15
  3794 | D:4      | Reached skill level 6 in Stealth
  3907 | D:4      | Identified the +5 shortbow "Ceilab" {vorpal, Fragile rElec
                  | Int+2 Stlth+}
  4051 | D:4      | Found a glowing silver altar of Zin.
  4419 | D:5      | Entered Level 5 of the Dungeon
  4483 | D:5      | Found a staircase to the Ecumenical Temple.
  4485 | D:5      | Reached XP level 7. HP: 32/32 MP: 17/17
  4492 | Temple   | Entered the Ecumenical Temple
  4566 | Temple   | Became a worshipper of Dithmenos the Shadowed
  4809 | D:5      | Reached skill level 7 in Stealth
  6365 | D:5      | Reached skill level 8 in Stealth
  6405 | D:5      | Reached XP level 8. HP: 36/36 MP: 16/20
  6984 | D:6      | Reached skill level 9 in Stealth
  7048 | D:6      | Reached * piety under Dithmenos
  7421 | D:6      | Found a snail-covered altar of Cheibriados.
  7439 | D:6      | Found a radiant altar of Vehumet.
  7476 | D:6      | Found a glowing golden altar of the Shining One.
  7776 | D:6      | Reached skill level 10 in Stealth
  7970 | D:6      | Found a white marble altar of Elyvilon.
  8071 | D:7      | Noticed Joseph
  8090 | D:7      | Killed Joseph
  8091 | D:7      | Reached XP level 9. HP: 39/39 MP: 21/23
  8753 | D:7      | Reached skill level 11 in Stealth
  8909 | D:8      | Reached skill level 10 in Hexes
  8924 | D:8      | Noticed Prince Ribbit
  8994 | D:8      | Killed Prince Ribbit
  9181 | D:8      | Reached skill level 10 in Spellcasting
  9317 | D:8      | Noticed Pikel
  9641 | D:7      | Reached skill level 12 in Stealth
  9905 | D:8      | Noticed a gargoyle
  9919 | D:8      | Killed a gargoyle
 10810 | D:8      | Killed Pikel
 10811 | D:8      | Reached XP level 10. HP: 44/44 MP: 18/25
 10997 | D:8      | Reached ** piety under Dithmenos
 11188 | D:9      | Reached skill level 13 in Stealth
 11475 | D:9      | Reached skill level 1 in Fighting
 12069 | D:9      | Found a staircase to the Lair.
 12425 | D:10     | Entered Level 10 of the Dungeon
 12425 | D:10     | Noticed a centaur warrior
 12431 | D:10     | Killed a centaur warrior
 12432 | D:10     | Reached skill level 5 in Dodging
 12457 | D:10     | Noticed Fannar
 12974 | D:10     | Found an iron altar of Okawaru.
 12998 | D:10     | Found an ornate altar of the Wu Jian Council.
 13002 | D:10     | Found a stormy altar of Qazlal.
 13353 | D:10     | Found a runed translucent door.
 13363 | D:10     | Noticed Froggeryz's ghost (journeyman GrMo)
 13719 | D:11     | Noticed Erolcha
 13724 | D:11     | Killed Erolcha
 13725 | D:11     | Reached skill level 14 in Stealth
 13725 | D:11     | Reached XP level 11. HP: 49/51 MP: 22/27
 13987 | D:11     | Noticed a death knight
 14242 | D:11     | Found a staircase to the Orcish Mines.
 14242 | D:11     | Noticed a two-headed ogre
 14250 | D:11     | Killed a two-headed ogre
 14269 | D:11     | Noticed a two-headed ogre
 14275 | D:11     | Killed a two-headed ogre
 14497 | D:12     | Reached *** piety under Dithmenos
 14536 | D:12     | Reached skill level 5 in Short Blades
 14609 | D:12     | Noticed a boulder beetle
 14610 | D:12     | Noticed a six-headed hydra
 14625 | D:12     | Killed a six-headed hydra
 14630 | D:12     | Killed a boulder beetle
 14659 | D:12     | Noticed an orb spider
 14659 | D:12     | a human changed into an orb spider
 14665 | D:12     | Noticed a harpy
 14667 | D:12     | Killed a harpy
 14897 | D:12     | Noticed a sun demon
 14898 | D:12     | Noticed a sixfirhy
 14911 | D:12     | Reached skill level 15 in Stealth
 14997 | D:12     | Noticed a sun demon
 15367 | D:13     | Noticed a centaur warrior
 15369 | D:13     | Killed a centaur warrior
 15370 | D:13     | Reached XP level 12. HP: 58/58 MP: 29/29
 15434 | D:13     | Noticed a catoblepas
 15591 | D:13     | Noticed a two-headed ogre
 15594 | D:13     | Killed a two-headed ogre
 15668 | D:13     | Noticed a centaur warrior
 15675 | D:13     | Killed a centaur warrior
 15680 | D:13     | Reached **** piety under Dithmenos
 15828 | D:13     | Killed a catoblepas
 15892 | D:13     | Found a blossoming altar of Fedhas.
 15971 | D:13     | Gained mutation: You are weak. (Str -2) [potion of
                  | mutation]
 15971 | D:13     | Gained mutation: You sometimes lose the ability to read
                  | scrolls when taking damage. [potion of mutation]
 16204 | D:13     | Noticed a two-headed ogre
 16211 | D:13     | Killed a two-headed ogre
 16212 | D:13     | Reached skill level 5 in Fighting
 16471 | D:14     | Noticed a centaur warrior
 16484 | D:14     | Killed a centaur warrior
 16643 | D:14     | Reached skill level 16 in Stealth
 17195 | D:14     | Noticed a boulder beetle
 17211 | D:14     | Killed a boulder beetle
 17231 | D:14     | Noticed a two-headed ogre
 17234 | D:14     | Killed a two-headed ogre
 17250 | D:14     | Found a gate to the Vaults.
 17257 | D:14     | Reached XP level 13. HP: 37/65 MP: 24/31
 17905 | Lair:1   | Entered Level 1 of the Lair of Beasts
 18010 | Lair:1   | Noticed Grum
 18155 | Lair:1   | Found a gate leading to a gauntlet.
 18164 | Gauntlet | Entered a Gauntlet
 18164 | Gauntlet | Found a transporter.
 18173 | Gauntlet | Found a transporter.
 18176 | Gauntlet | Found a transporter.
 18178 | Gauntlet | Found a transporter.
 18186 | Gauntlet | Found a transporter.
 18188 | Gauntlet | Found a transporter.
 18189 | Gauntlet | Found a transporter.
 18201 | Gauntlet | Found a transporter.
 18202 | Gauntlet | Found a transporter.
 18202 | Gauntlet | Found a transporter.
 18210 | Gauntlet | Found a transporter.
 18213 | Gauntlet | Found a transporter.
 18214 | Gauntlet | Found a transporter.
 18222 | Gauntlet | Found a transporter.
 18449 | Gauntlet | Noticed a minotaur
 18486 | Gauntlet | Killed a minotaur
 18487 | Gauntlet | Reached skill level 10 in Dodging
 18518 | Gauntlet | Found the +5 robe of Misfortune {Contam Harm *Corrode Drain
                  | *Slow EV+5}
 18991 | Lair:1   | Reached ***** piety under Dithmenos
 19536 | Lair:2   | Reached skill level 17 in Stealth
 20265 | Lair:2   | Slain by a death yak

Illustrated notes

Levels and vault maps discovered:
D:1:      minmay_arrival_loop, layout_basic, minmay_tromino_v4_c
D:2:      layout_loops_ring
D:3:      minmay_chambers_of_threes, layout_loops_ring,
          hellmonk_ghost_happy_afterlife, ebering_ecumenical_altar_box,
          kennysheep_generic_room_4
D:4:      layout_gridville, mainiacjoe_overflow_alcove_4, minivault_5,
          hangedman_abyss_or_decor_jellyfish_corner, hangedman_decor_opposing,
          uniq_grinder
D:5:      layout_loops_corners, minmay_temple_entry_tees
D:6:      layout_loops_ring, nicolae_overflow_quartered_altars
D:7:      layout_basic, uniq_joseph
D:8:      layout_cave_pods, chequers_serial_rivers_room_b, uniq_pikel,
          uniq_prince_ribbit1
D:9:      layout_loops_ring, due_lair_maze_entry_diamond
D:10:     layout_loops_ring, minitemple, ebering_ghost_reflecting_pool,
          uniq_fannar
D:11:     layout_stronghold, orc_0_dummy, uniq_erolcha
D:12:     layout_rooms
D:13:     layout_long_grid, fedhas_ov_isle_minmay
D:14:     layout_stronghold, david_vaults_1, hangedman_decor_diamond_cutter
Temple:   zaba_magenta_temple
Lair:1:   layout_chaotic_city, gauntlet_entry_generic, guppyfry_lair_drakes,
          grunt_megastairs_1, uniq_grum
Lair:2:   layout_cellular_growth, minmay_snake_entry_spellcaster

Skill      XL: |  1  2  3  4  5  6  7  8  9 10 11 12 13 |
---------------+----------------------------------------+-----
Spellcasting   | 3 4 5 6 7 9 10 11 12 13 | 13.8
Hexes          | 4 5 6 7 9 11 12 13 14 | 14.1
Stealth        | 5 6 8 10 12 14 15 16 17 | 17.0
Dodging        | 5 7 9 10 | 10.3
Fighting       | 2 4 5 6 |  6.3
Short Blades   | 4 5 7 8 |  8.4

Action                   |  1- 3 |  4- 6 |  7- 9 | 10-12 | 13-15 || total
-------------------------+-------+-------+-------+-------+-------++-------
Melee: Dagger            |    94 |    46 |   183 |   386 |   158 ||   867
Throw: Throwing net      |       |       |     1 |       |       ||     1
       Dart              |       |       |       |     2 |       ||     2
 Cast: Ensorcelled Hiber |    10 |     4 |    57 |   106 |    50 ||   227
       Tukima's Dance    |       |     1 |    41 |    20 |     7 ||    69
       Dazzling Flash    |       |     4 |     1 |     4 |    22 ||    31
Invok: Shadow Step       |       |       |       |     1 |       ||     1
Evoke: Wand              |       |       |       |    12 |       ||    12
  Use: Scroll            |    10 |     6 |     7 |    10 |     3 ||    36
       Potion            |       |       |     1 |     4 |     5 ||    10
 Stab: Sleeping          |    21 |    10 |    48 |    85 |    34 ||   198
       Distracted        |     1 |     1 |     1 |     5 |     1 ||     9
       Invisible         |       |     2 |     1 |     5 |     6 ||    14
       Held in net/web   |       |       |     1 |       |       ||     1
Armor: Robe              |     6 |     5 |    23 |    60 |    15 ||   109
Dodge: Dodged            |    73 |    30 |   190 |   449 |   127 ||   869

Table legend: (Time is in decaauts)
 A = Elapsed time spent in this place.
 B = Non-inter-level travel time spent in this place.
 C = Inter-level travel time spent in this place.
 D = Time resting spent in this place.
 E = Time spent auto-exploring this place.
 F = Levels seen in this place.
 G = Mean time per level.
                   A        B        C        D        E       F      G
               +--------+--------+--------+--------+--------+-----+--------+
         Total |  15441 |  15051 |    390 |   3340 |   8717 |  18 |  857.8 |
       Dungeon |  13671 |  13294 |    377 |   2847 |   7970 |  14 |  976.5 |
        Temple |     56 |     46 |     10 |      0 |     24 |   1 |   56.0 |
          Lair |   1351 |   1349 |      2 |    353 |    655 |   2 |  675.5 |
      Gauntlet |    362 |    362 |      0 |    139 |     68 |   1 |  362.0 |
               +--------+--------+--------+--------+--------+-----+--------+

Top non-repeatable levels by time:
     D:8: 1456 daAuts
     D:4: 1222 daAuts
     D:9: 1136 daAuts
     D:5: 1108 daAuts
     D:6: 1107 daAuts
     D:7: 1095 daAuts
    D:10: 951 daAuts
     D:1: 895 daAuts
    D:14: 880 daAuts
     D:3: 870 daAuts
    D:13: 846 daAuts
     D:2: 806 daAuts
  Lair:2: 697 daAuts
    D:12: 676 daAuts
  Lair:1: 654 daAuts
